Map: [ESL] Oceanborn

Players

cyan - Winner!

  • Race: Protoss Protoss
  • League: Grandmaster
  • Spawn Location: 5:00

DRG

  • Race: Zerg Zerg
  • Spawn Location: 11:00

Event: IEM Katowice 2024

VOD

Have the link to the VOD?

Description

Time

  • Played on: Dec. 6, 2023, 6:27 a.m.
  • Length: 7:55

All games in this series

Show
View Real Time Build Order
Export as new Build Order

cyan Protoss - Winner!

Build Orders: 1 Gate Expand, Oracle Opening 

Get SALT Encoding   

  12  0:00  Probe  
  13  0:13  Pylon  
  13  0:17  Probe (Chrono Boost)  
  14  0:27  Probe (Chrono Boost)  
  15  0:32  Probe (Chrono Boost)  
  16  0:38  Gateway  
  16  0:44  Probe  
  16  0:48  Assimilator  
  17  0:56  Probe  
  18  1:08  Probe  
  19  1:20  Probe  
  19  1:24  Nexus  
  20  1:34  Cybernetics Core  
  20  1:36  Probe  
  21  1:41  Assimilator  
  21  1:48  Probe  
  21  1:52  Pylon  
  22  2:00  Probe (Chrono Boost)  
  23  2:07  Adept (Chrono Boost)  
  23  2:12  Probe (Chrono Boost)  
  26  2:17  Stargate, Probe (Chrono Boost)  
  27  2:26  Warp Gate  
  27  2:28  Probe  
  27  2:29  Adept (Chrono Boost)  
  28  2:36  Probe  
  31  2:40  Probe  
  32  2:48  Probe  
  33  2:52  Probe  
  33  2:55  Adept  
  36  3:00  Probe  
  41  3:07  Void Ray (Chrono Boost), Probe  
  41  3:12  Pylon  
  42  3:14  Probe  
  42  3:19  Probe  
  44  3:22  Gateway  
  44  3:26  Probe  
  45  3:33  Adept  
  45  3:34  Oracle (Chrono Boost)  
  45  3:35  Probe  
  49  3:42  Probe  
  49  3:44  Pylon  
  49  3:47  Probe  
  51  3:54  Probe  
  52  4:01  Nexus, Probe  
  53  4:05  Pylon  
  53  4:06  Probe  
  54  4:13  Twilight Council  
  54  4:20  Probe  
  54  4:23  Forge  
  55  4:26  Adept x2  
  59  4:31  Probe  
  59  4:37  Gateway, Charge (Chrono Boost)  
  60  4:41  Gateway  
  60  4:44  Protoss Ground Weapons Level 1 (Chrono Boost)  
  60  4:48  Gateway  
  60  4:49  Gateway  
  60  4:51  Pylon  
  60  4:57  Probe x2  
  59  5:09  Stalker x2  
  59  5:11  Shield Battery  
  59  5:12  Probe  
  58  5:16  Probe  
  58  5:19  Gateway  
  57  5:23  Probe  
  57  5:25  Pylon, Probe  
  57  5:28  Probe  
  60  5:32  Stalker x2  
  64  5:36  Zealot x2  
  64  5:39  Pylon, Probe  
  64  5:42  Probe  
  70  5:43  Probe  
  70  5:44  Zealot  
  73  5:50  Zealot  
  73  5:51  Probe  
  73  5:52  Pylon  
  73  5:54  Probe  
  73  5:55  Pylon  
  77  6:01  Zealot  
  77  6:02  Zealot x2  
  83  6:07  Zealot x2  
  87  6:15  Zealot  
  87  6:16  Zealot  
  91  6:19  Nexus  
  91  6:24  Zealot x2  
  95  6:28  Zealot  
  95  6:29  Zealot  
  97  6:34  Zealot  
  97  6:39  Gateway  
  99  6:42  Zealot x2, Gateway  
  99  6:46  Zealot x2  
  101  6:51  Zealot x2  
  97  6:59  Zealot  
  95  7:02  Probe  
  95  7:07  Zealot x4  
  98  7:11  Probe  
  93  7:18  Zealot x2  
  91  7:22  Zealot  
  91  7:24  Probe x3  
  91  7:26  Assimilator  
  92  7:36  Probe x2  
  90  7:48  Zealot x9  
Show
View Real Time Build Order
Export as new Build Order

DRG Zerg 

Build Orders: Hatch First 

Get SALT Encoding   

  12  0:00  Drone  
  13  0:11  Overlord  
  13  0:16  Drone  
  14  0:30  Drone x2  
  14  0:34  Drone  
  17  0:51  Hatchery  
  17  0:54  Drone  
  17  0:57  Drone  
  18  1:06  Drone  
  18  1:08  Extractor  
  18  1:15  Spawning Pool  
  18  1:18  Drone  
  18  1:27  Drone  
  19  1:38  Drone  
  20  1:48  Drone  
  21  1:59  Overlord  
  21  2:03  Drone, Queen x2  
  26  2:10  Zergling x2  
  26  2:12  Metabolic Boost  
  26  2:13  Zergling x2  
  28  2:21  Drone  
  29  2:24  Zergling x2  
  30  2:31  Drone  
  31  2:38  Queen  
  31  2:42  Hatchery  
  32  2:47  Overlord  
  32  2:48  Drone  
  32  2:49  Drone  
  33  2:59  Drone  
  33  3:00  Overlord  
  33  3:04  Queen  
  36  3:07  Zergling x2  
  36  3:12  Drone x3  
  40  3:18  Queen  
  42  3:20  Drone  
  42  3:26  Zergling x4  
  45  3:33  Drone x2  
  46  3:36  Overlord  
  46  3:38  Drone  
  47  3:42  Queen  
  47  3:47  Zergling x6  
  52  3:49  Overlord  
  52  3:54  Queen  
  54  3:57  Drone x2  
  54  3:59  Spore Crawler  
  55  4:08  Overlord  
  55  4:09  Drone x4  
  58  4:13  Spore Crawler  
  58  4:15  Overlord  
  56  4:19  Overlord  
  56  4:21  Drone  
  56  4:23  Overlord  
  57  4:25  Drone  
  57  4:26  Drone  
  57  4:28  Drone  
  57  4:30  Drone  
  61  4:34  Drone x3  
  61  4:37  Drone  
  65  4:41  Overlord  
  65  4:42  Drone  
  66  4:47  Drone  
  67  4:54  Drone x2  
  67  4:56  Drone x3  
  67  4:57  Drone x3  
  67  4:58  Lair  
  72  5:07  Drone x3  
  72  5:08  Drone x3  
  78  5:14  Roach Warren  
  78  5:15  Drone  
  78  5:16  Drone x2  
  80  5:26  Drone x7  
  87  5:28  Extractor  
  87  5:30  Extractor  
  87  5:32  Spore Crawler  
  87  5:33  Extractor  
  82  5:36  Extractor x2  
  82  5:40  Zergling x2  
  82  5:41  Zergling x4  
  83  5:44  Drone x3  
  83  5:46  Hatchery  
  83  5:48  Zergling x4, Evolution Chamber  
  86  5:52  Drone, Overlord  
  86  5:55  Drone x2  
  89  5:58  Glial Reconstitution  
  89  6:01  Overlord x2  
  88  6:05  Overlord  
  88  6:09  Overlord  
  88  6:11  Drone x2  
  90  6:12  Roach x3  
  96  6:22  Roach x4  
  104  6:27  Roach x3  
  109  6:33  Roach x4  
  109  6:39  Roach  
  121  6:40  Roach x2  
  121  6:42  Roach x2  
  121  6:46  Roach  
  114  6:48  Queen  
  114  6:52  Roach x3  
  106  6:55  Queen  
  106  6:57  Roach  
  106  6:59  Queen  
  106  7:02  Zergling x2  
  106  7:03  Zergling x2  
  106  7:05  Drone  
  106  7:06  Drone x3  
  104  7:11  Roach x2  
  97  7:16  Roach x2  
  97  7:20  Roach x2  
  96  7:23  Drone x2  
  96  7:25  Roach  
  96  7:26  Roach  
  93  7:31  Roach  
  93  7:33  Roach  

Tags
 
Add a new tag
Caveats
  • Supply blocks, unpowered buildings, or Contaminate may cause inaccurate times.
  • Supply counts are checked every 10 seconds.